 Dungeon Crawl Stone Soup version 0.29.0-4-gdea44cf6ec (webtiles) character file.

Game seed: 15528482993421591896

190 qw the Chopper (level 5, -10/36 HPs)
             Began as a Barachi Chaos Knight on Sept 6, 2022.
             Killed from afar by Terence (16 damage)
             ... with a bolt of light
             ... on level 2 of the Dungeon.
             The game lasted 00:00:38 (1058 turns).

qw the Chopper (Barachi Chaos Knight)               Turns: 1058, Time: 00:00:39

Health: -10/36     AC:  5    Str: 15      XL:     5   Next: 69%
Magic:  5/5        EV: 11    Int: 12      God:
Gold:   99         SH:  0    Dex: 11 (12) Spells: 4/4 levels left

rFire   . . .      SeeInvis .   Y - +0 hand axe (chaos)
rCold   . . .      Faith    .   (no shield)
rNeg    . . .      Spirit   .   b - +2 leather armour
rPois   .          Reflect  .   (no helmet)
rElec   .          Harm     .   (no cloak)
rCorr   .          Rampage  .   (no gloves)
Will    .....                   (no boots)
Stlth   +.........              (no amulet)
HPRegen 0.12/turn               (no ring)
MPRegen 0.09/turn               (no ring)

@: confused, slow
A: amphibious, slowness 1, strong legs 1, +LOS, deterioration 1, frail 1
a: Hop


You were on level 2 of the Dungeon.
You visited 1 branch of the dungeon, and saw 2 of its levels.

You collected 99 gold pieces.


Innate Abilities, Weirdness & Mutations

You are amphibious.
You cover ground slowly.
You can hop short distances.
You have an extended range of vision and can be seen from far away.
Your body sometimes deteriorates upon taking damage.
You are frail. (-10% HP)


   Skills:
 + Level 3.6 Fighting
 - Level 6.8 Axes
 - Level 2.4 Armour
 - Level 1.1 Dodging


You had 4 spell levels left.
You didn't know any spells.
Your spell library was empty.

Inventory:

Hand Weapons
 p - a +0 whip
 Y - a +0 hand axe of chaos (weapon)
Missiles
 l - a boomerang (quivered)
Armour
 b - a +2 leather armour (worn)
Potions
 a - a potion of might {unknown}
 d - a potion of berserk rage {unknown}
 f - a potion of lignification {unknown}
 k - a potion of degeneration {unknown}
 o - a potion of heal wounds
 q - a potion of cancellation {unknown}
 r - a potion of brilliance
 s - a potion of flight {unknown}
Miscellaneous
 c - a piece from Xom's chessboard (15/15)

Dungeon Overview and Level Annotations

Branches:
Dungeon (2/15)

Altars:

Annotations:
D:2 Terence


Message History

You see here a scroll of magic mapping.
You closely miss the goblin. The goblin hits you but does no damage.
You hit the goblin.
You kill the goblin!
You start resting.
HP restored.
Things that are here:
a +0 scythe; a +1 robe of positive energy; the human skeleton of Sigmund "Let me alter your body."
Your body is suffused with distortional energy.
You feel yourself wasting away.
You feel frail.
Terence the Incautious comes into view.
He is wielding a +0 flail and carrying a wand of light (5).
Terence shouts!
Enter note:
1052 ||| Stepping ~*~*~tactically~*~*~ (hiding).
An adder comes into view.
Terence shouts, "ATTACK!!!"
Terence misses you.
You hit Terence but do no damage. Terence closely misses you.
You hit Terence.
Terence seems to speed up.
Terence is lightly wounded.
You barely miss the adder. The adder bites you.
Your body deteriorates!
You feel clumsy. Terence hits you but does no damage.
You barely miss Terence.
Terence is lightly wounded.
You hit the adder but do no damage. The adder bites you.
Terence hits you with a +0 flail! The adder completely misses you.
You barely miss Terence.
Terence is lightly wounded.
You miss the adder.
Terence zaps a wand.
The bolt of light hits you! The adder bites you but does no damage.
Terence zaps a wand.
The bolt of light hits you!
You are confused.
You die...

#.... #.### #######.# # #### ###
#.......# # #... #.####.####### #
##...##....#.# #
####..........#.#########
......<..................
####.##.#......@@..#+##'#########
...............S..........## #
####.##.#.....#####........# #
#.###. #........# # . #........#
# #........# #........#
########.###### #.......


You could see Terence (fast) and an adder.

Vanquished Creatures
  Sigmund (D:2)
  An adder (D:2)
  2 ball pythons (D:1)
  5 endoplasms
  2 giant cockroaches
  3 goblins
  A hobgoblin (D:1)
  2 jackals (D:1)
  6 kobolds (D:1)
  A bat (D:2)
  3 frilled lizards (D:1)
  A rat (D:1)
28 creatures vanquished.

Notes
Turn   | Place    | Note
-------+----------+-------------------------------------------
     0 | D:1      | qw the Barachi Chaos Knight began the quest for the Orb.
     0 | D:1      | Reached XP level 1. HP: 18/18 MP: 1/1
     0 | D:1      | 0 ||| qw: Version: 0.1-a-108-g9e35731
     0 | D:1      | 0 ||| qw: Game counter: 6326
     0 | D:1      | 0 ||| qw: Always use a shield: true
     0 | D:1      | 0 ||| qw: God list: Okawaru
     0 | D:1      | 0 ||| qw: Allow faded altars: false
     0 | D:1      | 0 ||| qw: Do Orc after D:15 true
     0 | D:1      | 0 ||| qw: Do second Lair branch before Depths: true
     0 | D:1      | 0 ||| qw: Lair rune preference: random
     0 | D:1      | 0 ||| qw: Plans: Normal
     0 | D:1      | 0 ||| PLANNING D:1-11
     0 | D:1      | Fell from the grace of Xom
    58 | D:1      | 58 ||| Stepping ~*~*~tactically~*~*~ (stealth).
    59 | D:1      | 59 ||| Stepping ~*~*~tactically~*~*~ (stealth).
    61 | D:1      | 61 ||| Stepping ~*~*~tactically~*~*~ (stealth).
    63 | D:1      | 63 ||| Stepping ~*~*~tactically~*~*~ (stealth).
    72 | D:1      | 72 ||| Stepping ~*~*~tactically~*~*~ (stealth).
   137 | D:1      | 137 ||| Stepping ~*~*~tactically~*~*~ (stealth).
   140 | D:1      | 140 ||| Stepping ~*~*~tactically~*~*~ (stealth).
   144 | D:1      | 144 ||| Stepping ~*~*~tactically~*~*~ (stealth).
   146 | D:1      | Reached XP level 2. HP: 23/24 MP: 2/2
   159 | D:1      | Reached skill level 4 in Axes
   341 | D:1      | 341 ||| Stepping ~*~*~tactically~*~*~ (stealth).
   342 | D:1      | 342 ||| Stepping ~*~*~tactically~*~*~ (stealth).
   343 | D:1      | 343 ||| Stepping ~*~*~tactically~*~*~ (stealth).
   344 | D:1      | 344 ||| Stepping ~*~*~tactically~*~*~ (stealth).
   356 | D:1      | 356 ||| Stepping ~*~*~tactically~*~*~ (stealth).
   357 | D:1      | 357 ||| Stepping ~*~*~tactically~*~*~ (stealth).
   361 | D:1      | 361 ||| Stepping ~*~*~tactically~*~*~ (stealth).
   429 | D:1      | Reached XP level 3. HP: 29/29 MP: 3/3
   431 | D:1      | 431 ||| Stepping ~*~*~tactically~*~*~ (stealth).
   537 | D:1      | 537 ||| READING scroll labelled UXARCH OWAXIX.
   538 | D:1      | 538 ||| READING scroll labelled ZYOKLO FAIMIPP.
   539 | D:1      | 539 ||| READING scroll labelled BONUQO OSAYF.
   540 | D:1      | 540 ||| READING scroll labelled TECKIM SEOBLE.
   541 | D:1      | 541 ||| READING scroll labelled PUAMEU WOIKK.
   542 | D:1      | 542 ||| READING scroll labelled OSY HUIMUL.
   547 | D:1      | 547 ||| DRINKING 2 black potions.
   548 | D:1      | 548 ||| DRINKING 2 fuming pink potions.
   552 | D:1      | XOM: draining
   708 | D:2      | Noticed Sigmund
   709 | D:2      | 709 ||| FLEEEEING.
   714 | D:2      | 714 ||| FLEEEEING.
   715 | D:2      | 715 ||| FLEEEEING.
   716 | D:2      | 716 ||| FLEEEEING.
   717 | D:2      | 717 ||| FLEEEEING.
   723 | D:2      | 723 ||| FLEEEEING.
   725 | D:2      | 725 ||| FLEEEEING.
   726 | D:2      | 726 ||| FLEEEEING.
   727 | D:2      | 727 ||| FLEEEEING.
   728 | D:2      | 728 ||| FLEEEEING.
   730 | D:2      | 730 ||| DRINKING potion of curing.
   730 | D:2      | 730 ||| (to cure confusion)
   744 | D:2      | Killed Sigmund
   745 | D:2      | Reached skill level 6 in Axes
   745 | D:2      | Reached XP level 4. HP: 10/36 MP: 4/4
   745 | D:2      | Reached XP level 5. HP: 11/41 MP: 5/5
   844 | D:2      | XOM: 3-stop teleportation journey
   850 | D:2      | 850 ||| FLEEEEING.
   851 | D:2      | 851 ||| FLEEEEING.
   852 | D:2      | 852 ||| FLEEEEING.
   996 | D:2      | XOM: give mutations
   996 | D:2      | Gained mutation: Your body sometimes deteriorates upon
                  | taking damage. [Xom's mischief]
   996 | D:2      | Gained mutation: You are frail. (-10% HP) [Xom's mischief]
  1051 | D:2      | Noticed Terence
  1052 | D:2      | 1052 ||| Stepping ~*~*~tactically~*~*~ (hiding).
  1058 | D:2      | HP: 6/36 [Terence/bolt of light (17)]
  1058 | D:2      | Killed from afar by Terence

Levels and vault maps discovered:
D:1:      minmay_arrival_shattered_statue, layout_rooms, minmay_hexomino_p4
D:2:      layout_basic, chequers_garden, uniq_terence, uniq_natasha,
          uniq_sigmund

Skill      XL: |  1  2  3 |
---------------+----------+-----
Axes           | 4 6 |  6.8
Fighting       | |  3.6
Armour         | |  2.4
Dodging        | |  1.1

Action                   |  1- 3 |  4- 6 || total
-------------------------+-------+-------++-------
Melee: Hand axe          |    50 |     6 ||    56
Throw: Boomerang         |    24 |     5 ||    29
Invok: Renounce Religion |     1 |       ||     1
  Use: Scroll            |     6 |       ||     6
       Potion            |     3 |       ||     3
Armor: Leather armour    |    13 |     3 ||    16
Dodge: Dodged            |    15 |     3 ||    18

Table legend:
 A = Non-vault XP
 B = Vault XP
 C = Vault XP percentage of total XP
 D = Non-vault monster count
 E = Vault monster count
 F = Vault count percentage of total count
                 A         B        C        D         E       F
            +---------+---------+-------+---------+---------+-------
      Total |      54 |     218 |  80.1 |      24 |       4 |  14.3
            +---------+---------+-------+---------+---------+-------
        D:1 |      33 |       4 |  10.8 |      19 |       3 |  13.6
        D:2 |      21 |     214 |  91.1 |       5 |       1 |  16.7
            +---------+---------+-------+---------+---------+-------
